 Seeded DCSS version 0.28.0-53-g5a82cb258f (webtiles) character file.

Game seed: 10018966548579953305 (custom seed)

20110 Kranky the Nimble (level 12, -8/87 HPs)
             Began as an Octopode Fighter on June 20, 2022.
             Was a High Priest of Okawaru.
             Mangled by an eight-headed hydra (13 damage)
             ... on level 1 of the Lair of Beasts.
             The game lasted 00:36:48 (15280 turns).

Kranky the Nimble (Octopode Fighter)               Turns: 15280, Time: 00:36:50

Health: -8/87      AC:  5    Str: 16    XL:     12   Next: 76%
Magic:  21/21      EV: 15    Int: 11    God:    Okawaru [*****.]
Gold:   892        SH: 15    Dex: 10    Spells: 11/11 levels left

rFire   + + .      SeeInvis +   l - +7 war axe of the Silent Majority {spect, rElec rC- rN++ Will+}
rCold   . . .      Faith    .   n - +0 kite shield "Ynoetami" {rN+}
rNeg    + + +      Spirit   .   (helmet restricted)
rPois   +          Reflect  +   s - amulet "Vaammes" {Reflect Rampage rF++ rC+ Dex-5 SH+5}
rElec   +          Harm     .   o - ring of see invisible
rCorr   .          Rampage  +   h - +4 ring of protection
Will    ++...                   t - ring of flight
Stlth   ++++......              D - ring of poison resistance
HPRegen 0.24/turn               x - ring of magical power
MPRegen 0.17/turn               T - ring of willpower
                                (no ring)
                                (no ring)

@: about to teleport, flying
A: almost no armour, amphibious, 8 rings, camouflage 1, gelatinous body 1,
(nimble swimmer 1), tentacles
a: Renounce Religion, Heroism, Finesse, Duel


You were on level 1 of the Lair of Beasts.
You worshipped Okawaru.
Okawaru was extremely pleased with you.
You visited 3 branches of the dungeon, and saw 15 of its levels.
You also visited: Sewer and Ossuary.

You collected 892 gold pieces.

Inventory:

Hand Weapons
 l - the +7 war axe of the Silent Majority (weapon) {spect, rElec rC- rN++ Will+}
   (You took it off an orc on level 2 of the Dungeon)

   When its wielder attacks, the weapon's spirit leaps out and strikes again.
   The spirit shares a part of any damage it takes with its wielder.
   rC:        It makes you vulnerable to cold.
   rElec:     It insulates you from electricity.
   rN:        It greatly protects you from negative energy.
   Will:      It increases your willpower.
Missiles
 d - 20 poisoned darts (quivered)
 N - 2 throwing nets
Armour
 n - the +0 kite shield "Ynoetami" (worn) {rN+}
   (Okawaru gifted it to you on level 1 of the Lair of Beasts)

   rN:        It protects you from negative energy.
Jewellery
 h - a +4 ring of protection (right tentacle)
 o - a ring of see invisible (left tentacle)
 s - the amulet "Vaammes" (around mantle) {Reflect Rampage rF++ rC+ Dex-5 SH+5}
   (You found it on level 11 of the Dungeon)

   [amulet of reflection]

   It reflects blocked missile attacks.
   Dex:       It affects your dexterity (-5).
   rF:        It greatly protects you from fire.
   rC:        It protects you from cold.
   SH:        It affects your SH (+5).
   Rampage:   It bestows one free step when moving towards enemies.
 t - a ring of flight (on tentacle)
 x - a ring of magical power (on tentacle)
 D - a ring of poison resistance (on tentacle)
 T - a ring of willpower (on tentacle)
Wands
 a - a wand of paralysis (14)
 O - a wand of iceblast (20)
 P - a wand of digging (7)
 R - a wand of polymorph (13)
Scrolls
 b - a scroll of identify
 i - a scroll of magic mapping
 j - 2 scrolls of fog
 k - 3 scrolls of enchant armour
 p - 6 scrolls of teleportation
 u - a scroll of holy word {unknown}
 w - 2 scrolls of noise {unknown}
 y - a scroll of silence {unknown}
 A - 3 scrolls of fear
 G - a scroll of immolation {unknown}
 H - 3 scrolls of enchant weapon
 K - a scroll of blinking {unknown}
 L - 2 scrolls of amnesia
 Q - a scroll of summoning {unknown}
Potions
 c - 4 potions of might
 e - 6 potions of haste
 f - 6 potions of curing
 g - 2 potions of cancellation
 m - 2 potions of heal wounds
 z - a potion of brilliance
 B - 3 potions of resistance
 F - a potion of magic
 I - a potion of invisibility
 S - 2 potions of berserk rage


   Skills:
 - Level 10.0 Fighting
 - Level 10.9(11.0) Axes
 - Level 2.0(7.1) Maces & Flails
 + Level 6.5 Throwing
 + Level 11.0 Dodging
 - Level 5.5 Stealth
 - Level 8.0 Shields
 - Level 3.0 Evocations


You had 11 spell levels left.
You didn't know any spells.
Your spell library contained the following spells:

 Spells                   Type           Power      Damage    Failure   Level
 Foxfire                  Conj/Fire      0%         2x1d4     65%         1
 Pain                     Necr           0%         1d4       65%         1
 Shock                    Conj/Air       0%         1d3       65%         1
 Sting                    Tmut/Pois      0%         1d3       65%         1
 Poisonous Vapours        Pois/Air       0%         N/A       78%         2
 Sublimation of Blood     Necr           0%         N/A       78%         2
 Conjure Flame            Conj/Fire      0%         6-21      95%         3
 Frozen Ramparts          Ice            0%         1d2       95%         3
 Inner Flame              Hex/Fire       0%         N/A       95%         3
 Vampiric Draining        Necr           0%         2d6       95%         3
 Airstrike                Air            0%         N/A       100%        4
 Flame Wave               Conj/Fire      0%         2d4       100%        4
 Ice Form                 Ice/Tmut       0%         N/A       100%        4
 Olgreb's Toxic Radiance  Pois           0%         N/A       100%        4
 Petrify                  Tmut/Erth      0%         N/A       100%        4
 Irradiate                Conj/Tmut      0%         3d13      100%        5
 Lightning Bolt           Conj/Air       0%         1d11      100%        5
 Conjure Ball Lightning   Conj/Air       0%         3x3d6     100%        6
 Borgnjor's Revivificati  Necr           0%         N/A       100%        8
 Discord                  Hex            0%         N/A       100%        8
 Disjunction              Tloc           0%         N/A       100%        8
 Necromutation            Tmut/Necr      0%         N/A       100%        8
 Death's Door             Necr           0%         N/A       100%        9
 Summon Ice Beast         Ice/Summ       Unusable   N/A       N/A         4
 Summon Lightning Spire   Summ/Air       Unusable   N/A       N/A         4

Dungeon Overview and Level Annotations

Branches:
Dungeon (12/15)            Temple (1/1) D:6            Lair (2/6) D:10
 Shoals (0/4) Lair:2        Sewer (visited)         Ossuary (visited)
  Snake: Lair:2-4    Spider: Lair:2-4       Orc: D:9-12

Altars:
Ashenzari
Cheibriados
Dithmenos
Elyvilon
Fedhas
Gozag
Hepliaklqana
Kikubaaqudgha
Makhleb
Nemelex Xobeh
Okawaru
Qazlal
Ru
Sif Muna
Trog
Uskayaw
Vehumet
Wu Jian
Xom
Yredelemnul
Zin
The Shining One

Shops:
D:1 [


Innate Abilities, Weirdness & Mutations

You cannot wear most types of armour.
You are amphibious.
You can wear up to eight rings at the same time.
Your skin changes colour to match your surroundings (Stealth+).
Your rubbery body absorbs attacks. (AC +1, EV +1)
((You are camouflaged when in or above water. (Stealth+)))
You have tentacles for arms and can constrict up to eight enemies at once.


Message History

Okay, then.
As you read the scroll of teleportation, it crumbles to dust.
You feel strangely unstable.
You block the eight-headed hydra's attack.
The eight-headed hydra closely misses you.
You block the eight-headed hydra's attack. x2
The eight-headed hydra bites you.
* * * LOW HITPOINT WARNING * * *
The eight-headed hydra bites you!
* * * LOW HITPOINT WARNING * * *
The eight-headed hydra bites you but does no damage.
The eight-headed hydra bites you!
* * * LOW HITPOINT WARNING * * *
You feel much better. The eight-headed hydra misses you.
You block the eight-headed hydra's attack. x2
The eight-headed hydra closely misses you.
The eight-headed hydra bites you.
* * * LOW HITPOINT WARNING * * *
The eight-headed hydra bites you.
* * * LOW HITPOINT WARNING * * *
The eight-headed hydra barely misses you.
The eight-headed hydra bites you!
* * * LOW HITPOINT WARNING * * *
You feel much better.
You block the eight-headed hydra's attack.
The eight-headed hydra bites you. The eight-headed hydra bites you!
* * * LOW HITPOINT WARNING * * *
You block the eight-headed hydra's attack. x2
The eight-headed hydra barely misses you. x2
The eight-headed hydra misses you.
Your surroundings seem slightly different.
Okay, then.
As you read the scroll of teleportation, it crumbles to dust.
You feel strangely unstable.
You block the eight-headed hydra's attack.
The eight-headed hydra bites you!
* * * LOW HITPOINT WARNING * * *
You block the eight-headed hydra's attack.
The eight-headed hydra bites you!
You die...

......## ##.......## ......#
##.......# ....#.# ##.....P#
...#### #### ###...## ..## #..###
##..# ...# ##....## ##.# .P##
#......### #.## # .##
##....>D..## ##..# # ##
##.....ยง@...## #..## # P###
####............####.##### #
...###.##.............###.....###
#......###...........###........#
.#####.....#........####........#
P# ###P.......#.P.###......(...
## #####.##......#........... #
#######.....#.........
###..###.......#


You could see an eight-headed hydra.

Vanquished Creatures
  Harold (D:7)
  A boulder beetle (D:11)
  A centaur warrior (D:11)
  4 two-headed ogres
  A skeletal warrior (D:11)
  A deep elf pyromancer (D:11)
  2 ugly things (D:11)
  A cyclops (D:11)
  A manticore (D:11)
  A merfolk siren (Lair:2)
  Joseph (D:10)
  Maggie (D:7)
  5 cane toads (Lair:1)
  3 komodo dragons (Lair:1)
  A polar bear (Lair:2)
  A troll (D:11)
  A hornet (D:11)
  A slime creature (D:11)
  A shadow (D:11)
  A spriggan (shapeshifter) (D:11)
  2 wraiths
  A vampire (D:11)
  Eustachio (D:5)
  3 wyverns
  3 yaks (D:10)
  3 vampire mosquitoes (D:11)
  3 steam dragons
  2 acid dragons
  Duvessa (D:7)
  9 water moccasins
  4 orc warriors
  3 ice beasts
  2 black bears (D:10)
  4 hornet zombies
  A necrophage (D:4)
  A sky beast (D:6)
  An ogre (D:4)
  8 centaurs
  A phantom (D:7)
  Blork the orc (D:5)
  2 wyvern zombies (Ossuary)
  A gnoll sergeant (D:9)
  4 kobold brigands
  8 bullfrogs
  A scorpion (D:5)
  6 water moccasin zombies
  A wyvern skeleton (D:5)
  Dowan (D:7)
  7 killer bees
  2 howler monkeys (D:10)
  3 wights (D:9)
  4 electric eels
  4 bullfrog zombies (Ossuary)
  3 centaur zombies
  6 jellies
  5 orc priests
  2 hounds
  2 bullfrog skeletons
  A centaur skeleton (D:4)
  4 iguanas
  Terence (D:2)
  15 mummies (Ossuary)
  Ijyb (D:3)
  6 orc wizards
  3 killer bee zombies (Ossuary)
  A hound skeleton (D:4)
  2 howler monkey zombies (Ossuary)
  5 gnolls
  13 adders
  A river rat (Sewer)
  A shadow imp (D:7)
  An ufetubus (D:4)
  A worm (Sewer)
  2 dart slugs
  23 orcs
  8 bats
  14 endoplasms
  7 giant cockroaches
  11 goblins
  9 hobgoblins
  21 kobolds
  4 quokkas
  10 ball pythons
  5 frilled lizards
  3 rats
319 creatures vanquished.

Vanquished Creatures (others)
  27 fungi
  38 plants
  6 withered plants (Ossuary)
71 creatures vanquished.

Grand Total: 390 creatures vanquished

Notes
Turn   | Place    | Note
-------+----------+-------------------------------------------
     0 | D:1      | Kranky the Octopode Fighter began the quest for the Orb.
     0 | D:1      | Reached XP level 1. HP: 16/16 MP: 1/1
    31 | D:1      | Reached skill level 1 in Stealth
   199 | D:1      | Reached XP level 2. HP: 18/21 MP: 2/2
   320 | D:1      | Found Feamput's Armour Emporium.
   505 | D:1      | Found a faded altar of an unknown god.
   603 | D:1      | Reached XP level 3. HP: 20/26 MP: 3/3
  1225 | D:2      | Noticed Terence
  1230 | D:2      | Reached XP level 4. HP: 25/33 MP: 4/4
  1242 | D:2      | Killed Terence
  1576 | D:2      | Identified the +7 war axe of the Silent Majority {spect,
                  | rElec rC- rN++ Will+}
  1601 | D:2      | Reached XP level 5. HP: 37/37 MP: 5/5
  1603 | D:2      | Reached skill level 5 in Stealth
  1879 | D:3      | Noticed Ijyb
  1880 | D:3      | Killed Ijyb
  2644 | D:3      | Noticed a water moccasin
  2648 | D:3      | Killed a water moccasin
  2649 | D:3      | Reached skill level 5 in Fighting
  2649 | D:3      | Reached XP level 6. HP: 38/45 MP: 6/6
  3069 | D:4      | Noticed a necrophage
  3074 | D:4      | Killed a necrophage
  3075 | D:4      | Reached XP level 7. HP: 45/51 MP: 7/7
  3278 | D:4      | Found a stormy altar of Qazlal.
  3387 | D:4      | Identified the +4 hunting sling "Puoschupt" {vorpal, Drain
                  | Fragile rCorr Str+8}
  3637 | D:5      | Entered Level 5 of the Dungeon
  3648 | D:5      | Noticed Eustachio
  3658 | D:5      | Killed Eustachio
  3659 | D:5      | Reached skill level 4 in Dodging
  3664 | D:5      | Reached XP level 8. HP: 46/60 MP: 2/8
  3711 | D:5      | Noticed Blork the orc
  3718 | D:5      | Killed Blork the orc
  3824 | D:5      | Found a sand-covered staircase.
  3831 | Ossuary  | Entered an ossuary
  3908 | Ossuary  | Reached skill level 5 in Dodging
  3908 | Ossuary  | Reached skill level 5 in Shields
  3996 | Ossuary  | Reached skill level 1 in Evocations
  4033 | Ossuary  | Reached XP level 9. HP: 64/66 MP: 9/9
  4089 | Ossuary  | Reached skill level 1 in Axes
  4243 | Ossuary  | Reached skill level 6 in Dodging
  5111 | D:6      | Reached skill level 5 in Axes
  5125 | D:6      | Found a glowing drain.
  5139 | Sewer    | Entered a sewer
  5263 | Sewer    | Found a viscous altar of Jiyva.
  5724 | D:6      | Found a staircase to the Ecumenical Temple.
  5763 | Temple   | Entered the Ecumenical Temple
  6177 | D:7      | Noticed Duvessa
  6178 | D:7      | Noticed Dowan
  6182 | D:7      | Killed Duvessa
  6185 | D:7      | Killed Dowan
  6283 | D:7      | Noticed Maggie
  6294 | D:7      | Killed Maggie
  6295 | D:7      | Reached XP level 10. HP: 40/72 MP: 10/10
  6618 | D:7      | Noticed Harold
  6708 | D:7      | Killed Harold
  7082 | Temple   | Became a worshipper of Warmaster Okawaru
  7801 | D:8      | Noticed a two-headed ogre
  7821 | D:8      | Killed a two-headed ogre
  7822 | D:8      | Reached skill level 10 in Axes
  8184 | D:8      | Reached * piety under Okawaru
  8438 | D:8      | Noticed a two-headed ogre
  8446 | D:8      | Killed a two-headed ogre
  8447 | D:8      | Reached XP level 11. HP: 77/77 MP: 11/11
  9066 | D:8      | Reached skill level 7 in Dodging
  9165 | D:8      | Reached skill level 1 in Throwing
  9426 | D:9      | Found the +2 cloak of the Thief {*Fog Slay-2 SInv Stlth+}
  9524 | D:9      | Found a blossoming altar of Fedhas.
  9525 | D:9      | Found a glowing golden altar of the Shining One.
  9553 | D:9      | Noticed a two-headed ogre
  9565 | D:9      | Killed a two-headed ogre
  9565 | D:9      | Reached ** piety under Okawaru
  9865 | D:10     | Entered Level 10 of the Dungeon
  9922 | D:10     | Found a staircase to the Lair.
 10293 | D:10     | Noticed Joseph
 10308 | D:10     | Killed Joseph
 10414 | D:10     | Reached *** piety under Okawaru
 10654 | D:10     | Reached skill level 8 in Dodging
 11046 | D:10     | Noticed a two-headed ogre
 11056 | D:10     | Killed a two-headed ogre
 11399 | D:11     | Reached **** piety under Okawaru
 11511 | D:11     | Noticed a cyan ugly thing
 11529 | D:11     | Killed a cyan ugly thing
 11768 | D:11     | Noticed a boulder beetle
 11776 | D:11     | Killed a boulder beetle
 11923 | D:11     | Noticed a cyclops
 11923 | D:11     | Noticed a skeletal warrior
 11923 | D:11     | Noticed a brown ugly thing
 11923 | D:11     | Noticed a centaur warrior
 11947 | D:11     | Killed a skeletal warrior
 11948 | D:11     | Reached XP level 12. HP: 21/85 MP: 12/12
 12225 | D:11     | Reached ***** piety under Okawaru
 12226 | D:11     | Reached skill level 9 in Dodging
 12226 | D:11     | Killed a centaur warrior
 12232 | D:11     | Reached skill level 5 in Throwing
 12276 | D:11     | Noticed a two-headed ogre
 12865 | D:11     | Got Sif Muna's Guide on Darkness and Arcane Weapons
 12869 | D:11     | Identified the amulet "Vaammes" {Reflect Rampage rF++ rC+
                  | Dex-5 SH+5}
 13142 | D:11     | Received a gift from Okawaru
 13413 | D:11     | Reached skill level 10 in Fighting
 14130 | Lair:1   | Entered Level 1 of the Lair of Beasts
 14154 | Lair:1   | Reached skill level 10 in Dodging
 14481 | Lair:1   | Identified the +0 kite shield "Ynoetami" {rN+} (Okawaru
                  | gifted it to you on level 1 of the Lair of Beasts)
 14481 | Lair:1   | Received a gift from Okawaru
 15205 | Lair:2   | Found a staircase to the Shoals.
 15210 | Lair:2   | Reached skill level 11 in Dodging
 15272 | Lair:2   | Noticed an eight-headed hydra
 15272 | Lair:2   | Noticed a seven-headed hydra
 15280 | Lair:1   | Mangled by an eight-headed hydra

Illustrated notes

Levels and vault maps discovered:
D:1:      ncdulo_wetmaze, layout_rooms, hellmonk_ecumenical_altar_run_dry,
          serial_shops, nicolae_diamond_shop
D:2:      layout_rooms, uniq_terence
D:3:      minmay_razor_zed, layout_rooms, uniq_ijyb
D:4:      layout_loops_cross, amcnicky_altar_gilded
D:5:      layout_loops_ring, nicolae_ossuary_entry_plus, minmay_statues_item,
          uniq_blork_the_orc, uniq_eustachio
D:6:      layout_gridville, temple_statues, gup_sewer_entry_glass,
          serial_bayou_pond_d
D:7:      layout_loops_ring, minmay_door_square, st_stairs_5, water_maze_lemuel,
          uniq_harold, uniq_duvessa, uniq_maggie
D:8:      layout_basic
D:9:      layout_rooms, grunt_temple_overflow_open
D:10:     layout_basic, due_lair_maze_entry_diamond, uniq_joseph
D:11:     minmay_the_grid_square_5x5_3x3 [minmay_the_grid_square_5x5_longway,
          minmay_the_grid_square_5x5_percent,
          minmay_the_grid_square_5x5_pentomino_r,
          minmay_the_grid_square_5x5_two,
          minmay_the_grid_square_5x5_megaprize_crossed,
          minmay_the_grid_square_5x5_forky,
          minmay_the_grid_square_5x5_tri_point, minmay_the_grid_square_5x5_bite,
          minmay_the_grid_square_5x5_spiral], layout_stronghold
D:12:     layout_small_grid, zombieorc2_lemuel, hangedman_decor_peaks_small
Temple:   mainiacjoe_temple_bowtie_tessellation
Lair:1:   layout_cave_pods
Lair:2:   layout_regular_city, minmay_shoals_entry_lonely_mermaid,
          gauntlet_entry_generic, uniq_fannar, uniq_gastronok

Skill      XL: |  1  2  3  4  5  6  7  8  9 10 11 12 |
---------------+-------------------------------------+-----
Stealth        | 1 2 3 4 5 |  5.5
Fighting       | 4 5 7 8 9 10 | 10.0
Shields        | 4 5 6 8 |  8.0
Dodging        | 4 5 6 8 11 | 11.0
Evocations     | 1 2 3 |  3.0
Axes           | 7 10 | 10.9
Throwing       | 4 6 |  6.5
Maces & Flails | |  2.0

Action                   |  1- 3 |  4- 6 |  7- 9 | 10-12 || total
-------------------------+-------+-------+-------+-------++-------
Melee: Flail             |    73 |    25 |       |       ||    98
       Constrict         |    14 |    18 |    35 |    51 ||   118
       Tentacles         |     8 |    13 |    46 |    73 ||   140
       War axe           |       |    40 |   154 |   279 ||   473
       Punch             |       |       |     1 |     8 ||     9
Throw: Dart              |       |       |       |    16 ||    16
Evoke: Wand              |       |       |     2 |     6 ||     8
  Use: Scroll            |       |       |     8 |    18 ||    26
       Potion            |       |       |       |     2 ||     2
 Stab: Sleeping          |     8 |    12 |    20 |    19 ||    59
       Paralysed         |       |       |     2 |       ||     2
       Distracted        |       |       |     1 |     4 ||     5
Armor: Skin              |     7 |       |    19 |    27 ||    53
Dodge: Dodged            |    43 |    32 |    58 |   167 ||   300
Block: Buckler           |    21 |    10 |    27 |    80 ||   138
       Kite shield       |       |       |       |    20 ||    20
       Reflection        |       |       |       |     1 ||     1
